 Dungeon Sprint DCSS version 0.27-a0-538-g15ff5c5295 (webtiles) character file.

Game seed: 13207734496697350773

109 mhtbhm the Skirmisher (level 5, -1/55 HPs)
             Began as a Kobold Berserker on Mar 6, 2021.
             Was a Priest of Trog.
             Slain by a fire elemental (13 damage)
             ... summoned by a deep elf pyromancer
             ... in the Dungeon (Sprint III: "The Ten Rune Challenge").
             The game lasted 00:00:48 (383 turns).

mhtbhm the Skirmisher (Kobold Berserker)             Turns: 383, Time: 00:00:49

Health: -1/55      AC:  8    Str: 16    XL:     5   Next: 13%
Magic:  4/4        EV: 16    Int:  8    God:    Trog [***...]
Gold:   28         SH:  0    Dex: 14    Spells: 4/4 levels left

rFire    . . .     SeeInvis .   a - +0 mace
rCold    + . .     Faith    .   (shield restricted)
rNeg     . . .     Spirit   .   b - +2 robe {rC+}
rPois    .         Reflect  .   (no helmet)
rElec    .         Harm     .   (no cloak)
rCorr    .         Rampage  .   (no gloves)
Will     .....     NoTele   +   (no boots)
Stlth    ..........             (no amulet)
HPRegen  0.18/turn              (no ring)
MPRegen  0.09/turn              (no ring)

@: berserking, very quick
A: small, iridescent scales 1, molten scales 1, low mp 1, nightstalker 3
a: Renounce Religion, Berserk, Trog's Hand


You were in the Dungeon.
You worshipped Trog.
Trog was most pleased with you.
You visited 1 branch You collected 28 gold pieces.

Inventory:

Hand Weapons
 a - a +0 mace (weapon)
Armour
 b - a +2 robe of cold resistance (worn)
Scrolls
 h - a scroll of blinking
 i - a scroll of random uselessness {unknown}
 j - 4 scrolls of torment {unknown}
 k - a scroll of enchant weapon {unknown}
 m - a scroll of identify {unknown}
Potions
 c - 2 potions of curing
 d - a potion of heal wounds
 e - a potion of haste
 f - 2 potions of magic
 g - a potion of berserk rage
 l - a potion of might {unknown}
 n - a potion of flight {unknown}
 o - 2 potions of mutation


   Skills:
 + Level 6.6 Fighting
 + Level 6.0 Maces & Flails
 + Level 2.5 Armour
 + Level 4.7 Dodging
 + Level 2.7 Stealth


You had 4 spell levels left.
You didn't know any spells.
Your spell library was empty.

Dungeon Overview and Level Annotations

Branches:
Dungeon (1/1)

Altars:
Elyvilon
Zin
The Shining One


Innate Abilities, Weirdness & Mutations

You are small and have problems with some larger weapons.
You are completely attuned to the shadows.
You are partially covered in iridescent scales. (AC +2)
You are partially covered in molten scales. (AC +2)
Your magical capacity is low. (-10% MP)


Message History

You start waiting.
You recover from your berserk rage.
There is a fountain of clear blue water here.
You open the door.
Found three altars.
A deep elf pyromancer comes into view.
It is wielding a +0 long sword of holy wrath.
The deep elf pyromancer shouts!
The deep elf pyromancer picks up a potion of heal wounds.
There is an open door here.
A red film seems to cover your vision as you go berserk!
You feel yourself moving faster!
You feel mighty!
The deep elf pyromancer casts a spell.
You sock the fire elemental!
The fire elemental is moderately damaged.
The deep elf pyromancer casts a spell.
The deep elf pyromancer blinks!
The fire elemental hits you. The fire elemental burns you!
You miss the fire elemental.
The fire elemental is moderately damaged.
The fire elemental hits you. The fire elemental burns you!
The deep elf pyromancer mumbles some strange words.
The deep elf pyromancer blinks!
You closely miss the fire elemental.
The fire elemental is moderately damaged.
The fire elemental hits you. The fire elemental burns you!
You are too injured to fight recklessly!
You are too injured to fight recklessly!
You are too injured to fight recklessly!
You are too injured to fight recklessly!
You are too injured to fight recklessly!
You are too injured to fight recklessly!
Unknown command.
You thump the deep elf pyromancer!
The deep elf pyromancer is moderately wounded.
The fire elemental hits you. The fire elemental burns you!
* * * LOW HITPOINT WARNING * * *
The fire elemental barely misses you.
The deep elf pyromancer hits you but does no damage.
The fire elemental hits you. The fire elemental burns you!
You die...

▓▓▓▓▓▓▓ .'....♣ #####
.#....♣ ♣.#_°§#
##....♣ ♣.#§EE#
.#....≈ ♣♣.###@#+##
.#...≈≈.. ♣..#.e.....
[#..≈≈≈≈.♣♣♣.'.⌠.....
'#..≈≈≈≈≈≈...#...####
†#.≈≈≈≈≈≈....#.⌠.#
.#.≈≈≈≈≈.....#...#
.#.≈≈≈.......#+###
##...........#
.............#


You could see a deep elf pyromancer and 2 fire elementals.

Vanquished Creatures
  A water elemental (D)
  Jessica (D)
  A human (D)
  A phantom (D)
  3 rats (D)
7 creatures vanquished.

Notes
Turn   | Place    | Note
-------+----------+-------------------------------------------
     0 | D        | mhtbhm the Kobold Berserker began the quest for the Orb.
     0 | D        | Reached XP level 1. HP: 14/14 MP: 1/1
    12 | D        | Noticed Jessica
    18 | D        | Killed Jessica
    18 | D        | Reached ** piety under Trog
    19 | D        | Reached skill level 5 in Fighting
    19 | D        | Reached XP level 2. HP: 21/21 MP: 2/2
    19 | D        | Reached XP level 3. HP: 26/26 MP: 3/3
   129 | D        | Gained mutation: You are frail. (-10% HP) [potion of
                  | mutation]
   129 | D        | Gained mutation: You evolve. [potion of mutation]
   129 | D        | Gained mutation: You have sharp fingernails. [potion of
                  | mutation]
   131 | D        | Lost mutation: You have sharp fingernails. [potion of
                  | mutation]
   131 | D        | Lost mutation: You are frail. (-10% HP) [potion of
                  | mutation]
   131 | D        | Gained mutation: You are partially covered in slimy green
                  | scales. (AC +2) [potion of mutation]
   131 | D        | Gained mutation: You are covered in fur. (AC +1) [potion of
                  | mutation]
   131 | D        | Gained mutation: Your body sometimes deteriorates upon
                  | taking damage. [potion of mutation]
   131 | D        | Gained mutation: You are partially covered in molten
                  | scales. (AC +2) [potion of mutation]
   169 | D        | Lost mutation: Your body sometimes deteriorates upon taking
                  | damage. [potion of mutation]
   169 | D        | Lost mutation: You evolve. [potion of mutation]
   169 | D        | Lost mutation: You are covered in fur. (AC +1) [potion of
                  | mutation]
   169 | D        | Lost mutation: You are partially covered in slimy green
                  | scales. (AC +2) [potion of mutation]
   169 | D        | Gained mutation: You are resistant to electric shocks.
                  | (rElec) [potion of mutation]
   169 | D        | Lost mutation: You are resistant to electric shocks.
                  | (rElec) [potion of mutation]
   169 | D        | Gained mutation: Your magical capacity is low. (-10% MP)
                  | [potion of mutation]
   169 | D        | Gained mutation: You are partially covered in iridescent
                  | scales. (AC +2) [potion of mutation]
   198 | D        | Reached *** piety under Trog
   199 | D        | Reached skill level 1 in Stealth
   199 | D        | Reached XP level 4. HP: 23/31 MP: 3/3
   340 | D        | Noticed a water elemental
   345 | D        | Killed a water elemental
   346 | D        | Reached XP level 5. HP: 37/37 MP: 4/4
   377 | D        | Found a glowing silver altar of Zin.
   377 | D        | Found a glowing golden altar of the Shining One.
   377 | D        | Found a white marble altar of Elyvilon.
   378 | D        | Noticed a deep elf pyromancer
   380 | D        | Noticed a fire elemental
   380 | D        | Noticed a fire elemental
   383 | D        | Slain by a fire elemental

Illustrated notes

Levels and vault maps discovered:
D:        dungeon_sprint_mu [sprint_mu_entry_forest, sprint_mu_temple_rooms,
          sprint_mu_d1_spiders, sprint_mu_d2_genie, sprint_mu_d3_branching,
          sprint_mu_orc_legion, sprint_mu_elf_gauntlet, sprint_mu_hive_nellie,
          sprint_mu_lair_fedhas, sprint_mu_vaults_butterflies,
          sprint_mu_slime_circle, sprint_mu_swamp_cave, sprint_mu_snake_twists,
          sprint_mu_blade_basic, sprint_mu_crypt_fortress,
          sprint_mu_tomb_spiral, sprint_mu_vestibule_basic,
          sprint_mu_gehenna_hellfire, sprint_mu_dis_giant,
          sprint_mu_tartarus_statrot, sprint_mu_cocytus_islands, sprint_mu_zot1]

Skill      XL: |  1  2  3  4 |
---------------+-------------+-----
Maces & Flails | 4 6 |  6.0
Fighting       | 5 6 |  6.6
Armour         | 2 |  2.5
Dodging        | 3 4 |  4.7
Stealth        | 1 2 |  2.7

Action                   |  1- 3 |  4- 6 || total
-------------------------+-------+-------++-------
Melee: Mace              |    22 |     7 ||    29
Invok: Berserk           |     3 |     2 ||     5
  Use: Potion            |     3 |       ||     3
 Stab: Sleeping          |     2 |       ||     2
Armor: Animal skin       |     2 |       ||     2
       Robe              |     1 |     4 ||     5
Dodge: Dodged            |    15 |     3 ||    18

Table legend: (Time is in decaauts)
 A = Elapsed time spent in this place.
 B = Non-inter-level travel time spent in this place.
 C = Inter-level travel time spent in this place.
 D = Time resting spent in this place.
 E = Time spent auto-exploring this place.
 F = Levels seen in this place.
 G = Mean time per level.
                   A        B        C        D        E       F      G
               +--------+--------+--------+--------+--------+-----+--------+
         Total |    415 |    415 |      0 |    254 |     16 |   1 |  415.0 |
       Dungeon |    415 |    415 |      0 |    254 |     16 |   1 |  415.0 |
               +--------+--------+--------+--------+--------+-----+--------+

Top non-repeatable levels by time:
       D: 415 daAuts
